 Dungeon Crawl Stone Soup version 0.21-a0-243-g597973d (webtiles) character file.

1729 pokedragonboy the Firebug (level 8, -8/41 HPs)
             Began as a Deep Elf Fire Elementalist on Sept 4, 2017.
             Was a Follower of Vehumet.
             Mangled by rogsnak's ghost (17 damage)
             ... in a bailey.
             The game lasted 00:32:50 (8323 turns).

pokedragonboy the Firebug (DEFE)                    Turns: 8323, Time: 00:32:50

Health: -8/41      AC:  3    Str:  5    XL:     8   Next: 76%
Magic:  11/30      EV: 13    Int: 23    God:    Vehumet [*.....]
Gold:   153        SH:  0    Dex: 20    Spells: 5/21 levels left

rFire    . . .     SeeInvis .   g - +3 dagger of the Tundras {speed, rC+ Dex+5} (curse)
rCold    + . .     Gourm    .   (no shield)
rNeg     . . .     Faith    .   a - +0 robe
rPois    .         Spirit   .   (no helmet)
rElec    .         Reflect  .   (no cloak)
rCorr    .         Harm     .   (no gloves)
MR       .....                  j - +0 pair of boots
Stlth    ++........             (no amulet)
HPRegen  0.13/turn              w - ring of magical power
MPRegen  0.22/turn              (no ring)

@: drained
A: no striking features
a: Renounce Religion


You were in a bailey.
You worshipped Vehumet.
Vehumet was aware of your devotion.
You were not hungry.

You visited 2 branches of the dungeon, and saw 8 of its levels.
You also visited: Bailey.

You collected 503 gold pieces.
You spent 350 gold pieces at shops.

Inventory:

Hand Weapons
 g - the cursed +3 dagger of the Tundras (weapon) {speed, rC+ Dex+5}
   (You found it on level 6 of the Dungeon)

   Attacks with this weapon are significantly faster.
   It affects your dexterity (+5).
   It protects you from cold.
   It has a curse placed upon it.
Armour
 a - a +0 robe (worn)
 i - a +0 helmet
 j - a +0 pair of boots (worn)
 r - a +2 buckler
Jewellery
 w - a ring of magical power (left hand)
Wands
 y - a wand of flame (21/48)
Scrolls
 d - 3 scrolls of remove curse
 p - a scroll of immolation
 v - 5 scrolls of teleportation
Potions
 e - a potion of berserk rage {unknown}
 f - a potion of cancellation {unknown}
 k - 6 potions of flight
 m - 2 potions of resistance
 n - a potion of degeneration {unknown}
 o - 3 potions of brilliance {unknown}
 q - a potion of haste {unknown}
 t - 2 potions of might {unknown}
 u - a potion of mutation {unknown}
Books
 b - a book of Flames

   Spells                             Type                      Level
   a - Flame Tongue                   Conjuration/Fire             1
   b - Throw Flame                    Conjuration/Fire             2
   c - Conjure Flame                  Conjuration/Fire             3
   d - Inner Flame                    Hexes/Fire                   3
   e - Sticky Flame                   Conjuration/Fire             4
   f - Fireball                       Conjuration/Fire             5
Comestibles
 c - 7 bread rations
 h - 6 meat rations
 x - a fruit


   Skills:
 + Level 2.6(1.9) Short Blades
 - Level 2.4(1.8) Dodging
 - Level 2.4(1.8) Stealth
 + Level 7.4(6.7) Spellcasting
 * Level 7.2(6.5) Conjurations
 - Level 3.1(2.5) Hexes
 + Level 7.7(7.0) Fire Magic


You had 5 spell levels left.
You knew the following spells:

 Your Spells              Type           Power        Failure   Level  Hunger
a - Flame Tongue          Conj/Fire      #####        1%          1    None
b - Throw Flame           Conj/Fire      #####.       1%          2    None
c - Conjure Flame         Conj/Fire      #####...     1%          3    None
d - Inner Flame           Hex/Fire       ####....     3%          3    None
f - Regeneration          Chrm/Necr      #.........   24%         3    None
x - Sticky Flame          Conj/Fire      #####...     4%          4    ###....


Dungeon Overview and Level Annotations

Branches:
Dungeon (7/15)             Temple (1/1) D:5

Altars:
Ashenzari
Cheibriados
Dithmenos
Elyvilon
Fedhas
Gozag
Hepliaklqana
Kikubaaqudgha
Makhleb
Nemelex Xobeh
Okawaru
Qazlal
Ru
Sif Muna
Trog
Uskayaw
Vehumet
Wu Jian
Xom
Yredelemnul
Zin
The Shining One

Shops:
D:4 =   D:6 !   D:7 =

Annotations:
D:4 Sigmund Bailey rogsnak's ghost, novice DsFE


Message History

Aim: rogsnak's ghost, wielding a weapon of draining (moderately damaged)
The sticky flame hits rogsnak's ghost.
Rogsnak's ghost completely resists.
Rogsnak's ghost is moderately damaged.
The orc hits you from afar with a spear.
Rogsnak's ghost hits you!
* * * LOW HITPOINT WARNING * * *
You feel drained.
* * * LOW HITPOINT WARNING * * *
The orc hits you but does no damage.
Casting: Sticky Flame
Confirm with . or Enter, or press ? or * to list all spells.
Aiming: Sticky Flame
Press: ? - help, Shift-Dir - straight line, f/p - rogsnak's ghost
Aim: rogsnak's ghost, wielding a weapon of draining (moderately damaged)
The sticky flame hits rogsnak's ghost.
Rogsnak's ghost resists.
Rogsnak's ghost is moderately damaged.
The orc closely misses you.
Energy condenses in front of rogsnak's ghost, but quickly dissipates.
Rogsnak's ghost hits you!
You die...

######### ........##
≈≈≈≈≈≈≈..##
≈.....≈≈..##
))###..≈≈..##########
.## ##..≈≈..§.§W@...#
##.∩.##..≈≈≈§≈≈≈≈≈≈.#
# ....##....§...oo≈.#
##'###'#########o≈.#
... W o≈.# .≈.# ≈≈.#
≈.∩#


You could see rogsnak's ghost and 4 orcs.

Vanquished Creatures
  Menkaure (D:4)
  An orc warrior (Bailey)
  An ogre (D:5)
  2 phantoms
  4 centaurs
  A bullfrog (D:6)
  A wyvern skeleton (D:7)
  A scorpion (D:6)
  2 howler monkeys (D:6)
  A crimson imp (D:6)
  A hound (D:7)
  A quasit (D:7)
  A centaur zombie (D:6)
  4 orc wizards
  2 orc priests (D:7)
  2 bullfrog skeletons
  A centaur skeleton (D:5)
  5 worker ants
  A hound zombie (D:5)
  A worker ant zombie (D:6)
  4 adders
  A shadow imp (D:5)
  2 oozes
  An adder skeleton (D:6)
  3 dart slugs
  5 leopard geckos
  23 orcs
  2 bats
  5 giant cockroaches
  8 goblins
  3 hobgoblins
  13 jackals
  A quokka (D:6)
  3 frilled lizards
  A jackal skeleton (D:4)
  A jackal zombie (D:5)
  2 kobolds
  A leopard gecko skeleton (D:4)
  4 rats
117 creatures vanquished.

Notes
Turn   | Place    | Note
-------+----------+-------------------------------------------
     0 | D:1      | pokedragonboy the Deep Elf Fire Elementalist began the quest for the Orb.
     0 | D:1      | Reached XP level 1. HP: 10/10 MP: 6/6
   210 | D:1      | Reached XP level 2. HP: 13/15 MP: 2/8
   290 | D:1      | Learned a level 2 spell: Throw Flame
   606 | D:1      | Reached XP level 3. HP: 19/19 MP: 8/10
   813 | D:2      | Learned a level 3 spell: Conjure Flame
   817 | D:2      | Learned a level 3 spell: Inner Flame
  1694 | D:3      | Reached skill level 1 in Hexes
  1798 | D:3      | Found a snail-covered altar of Cheibriados.
  1810 | D:3      | Reached XP level 4. HP: 9/24 MP: 0/12
  2828 | D:4      | Noticed Sigmund
  3059 | D:4      | Found Urhevye's Jewellery Shoppe.
  3059 | D:4      | Noticed Menkaure
  3065 | D:4      | Killed Menkaure
  3065 | D:4      | Reached XP level 5. HP: 13/28 MP: 4/14
  3787 | D:4      | Noticed a phantom
  3794 | D:4      | Killed a phantom
  3794 | D:4      | Reached skill level 5 in Spellcasting
  3794 | D:4      | Reached skill level 5 in Fire Magic
  3794 | D:4      | Reached XP level 6. HP: 31/32 MP: 5/15
  3812 | D:4      | Learned a level 3 spell: Regeneration
  3828 | D:4      | Found a blossoming altar of Fedhas.
  4189 | D:5      | Entered Level 5 of the Dungeon
  4373 | D:5      | Found a shattered altar of Ashenzari.
  4855 | D:5      | Found a staircase to the Ecumenical Temple.
  4864 | Temple   | Entered the Ecumenical Temple
  4930 | Temple   | Became a worshipper of Vehumet
  4952 | D:5      | Learned a level 4 spell: Sticky Flame
  5169 | D:4      | Bought an uncursed ring of magical power for 240 gold pieces
  5260 | D:5      | Reached XP level 7. HP: 36/36 MP: 13/17
  6109 | D:6      | Reached skill level 5 in Conjurations
  6496 | D:6      | Found Qanocuw's Distillery.
  6508 | D:6      | Bought a potion of heal wounds for 55 gold pieces
  6508 | D:6      | Bought a potion of heal wounds for 55 gold pieces
  6898 | D:5      | Reached XP level 8. HP: 28/41 MP: 19/19
  7128 | D:6      | Reached skill level 1 in Short Blades
  7211 | D:6      | Got a fine dagger
  7212 | D:6      | Identified the cursed +3 dagger of the Tundras {speed, rC+ Dex+5} (You found it on level 6 of the Dungeon)
  7842 | D:7      | HP: 2/41 [orc priest/mace (5)]
  7851 | D:7      | Reached * piety under Vehumet
  7851 | D:7      | Offered knowledge of Sandblast by Vehumet.
  7980 | D:7      | Found Kafuxiol's Jewellery Shop.
  8087 | D:7      | Found a flagged portal.
  8114 | Bailey   | Entered a bailey
  8249 | Bailey   | Noticed rogsnak's ghost (novice DsFE)
  8323 | Bailey   | Mangled by rogsnak's ghost

Vault maps used:
D:1:      lemuel_arrival_hallway
D:3:      first_bread, amethyst_killhole, minmay_hedge_maze,
          kennysheep_slug_shrine
D:4:      fedhas_altar_1, serial_shops, shop, roderic_roman_lattice,
          uniq_eustachio, uniq_sigmund, uniq_menkaure
D:5:      minmay_temple_entry_poolview, ashenzari_altar_1
D:6:      serial_shops, shop
D:7:      serial_shops, shop_coins, enter_bailey_2
Temple:   dpeg_three_leaves_temple
Bailey:   bailey_polearm_1, bailey

Skill      XL: |  1  2  3  4  5  6  7  8 |
---------------+-------------------------+-----
Conjurations   | 2 3 4 5 7 |  7.2
Spellcasting   | 4 5 6 7 |  7.4
Hexes          | 1 2 3 |  3.1
Fire Magic     | 4 5 7 |  7.7
Short Blades   | 2 |  2.6
Dodging        | |  2.4
Stealth        | |  2.4

Action                   |  1- 3 |  4- 6 |  7- 9 || total
-------------------------+-------+-------+-------++-------
Melee: Club              |     2 |       |       ||     2
       Short sword       |     3 |    58 |    39 ||   100
       Rapier            |       |       |   147 ||   147
       Dagger            |       |       |    96 ||    96
 Cast: Flame Tongue      |    50 |    64 |   109 ||   223
       Throw Flame       |    12 |    25 |    13 ||    50
       Conjure Flame     |     2 |     4 |    10 ||    16
       Regeneration      |       |     4 |     1 ||     5
       Sticky Flame      |       |       |    15 ||    15
       Inner Flame       |       |       |     2 ||     2
  Use: Scroll            |     5 |     2 |     4 ||    11
       Potion            |       |     2 |     5 ||     7
 Stab: Sleeping          |       |     1 |       ||     1
  Eat: Chunk             |     3 |     5 |    10 ||    18
       Royal jelly       |       |     3 |     1 ||     4
Armor: Robe              |     2 |     5 |    39 ||    46
Dodge: Dodged            |     7 |    55 |   217 ||   279

Table legend:
 A = Spawn XP
 B = Non-spawn XP
 C = Spawn XP percentage of total XP
 D = Spawn monster count
 E = Non-spawn monster count
 F = Spawn count percentage of total count
 G = Total turns spent on level
                    A         B        C        D         E        F      G
               +---------+---------+-------+---------+---------+-------+---------
         Total |     440 |    2031 |  17.8 |      18 |      99 |  15.4 |  8323
               +---------+---------+-------+---------+---------+-------+---------
           D:1 |       0 |      43 |   0.0 |       0 |      21 |   0.0 |   794
           D:2 |       0 |      11 |   0.0 |       0 |       6 |   0.0 |   676
           D:3 |      19 |      55 |  25.7 |       7 |      12 |  36.8 |  1484
           D:4 |     120 |     195 |  38.1 |       1 |       9 |  10.0 |  1291
           D:5 |      52 |     617 |   7.8 |       2 |      13 |  13.3 |  1855
           D:6 |     168 |     501 |  25.1 |       4 |      21 |  16.0 |  1619
           D:7 |      81 |     452 |  15.2 |       4 |       9 |  30.8 |   313
        Bailey |       0 |     157 |   0.0 |       0 |       8 |   0.0 |   209
               +---------+---------+-------+---------+---------+-------+---------
